 Dungeon Crawl Stone Soup version 0.18.1-48-g4cf74bf (webtiles) character file.

11306 MTVSty1e the Fighter (level 12, -25/90 HPs)
             Began as a Formicid Fighter on Aug 23, 2016.
             Was a High Priest of Okawaru.
             Annihilated by a freezing wraith (30 damage)
             ... on level 11 of the Dungeon.
             The game lasted 00:38:10 (10409 turns).

MTVSty1e the Fighter (Formicid Fighter)            Turns: 10409, Time: 00:38:19

Health: -25/90     AC: 18    Str: 28    XL:     12   Next: 6%
Magic:  23/23      EV: 16    Int:  8    God:    Okawaru [*****.]
Gold:   568        SH: 14    Dex: 10    Spells: 0 memorised, 11 levels left

rFire  + . .     SeeInvis +     a - +1 quarterstaff (crush)
rCold  x . .     Gourm    .     u - +3 ring mail {rN+}
rNeg   + . .     Faith    .     c - +0 shield
rPois  .         Spirit   .     (helmet unavailable)
rElec  .         Dismiss  .     m - +0 cloak
rCorr  .         Reflect  .     (no gloves)
SustAt .         Harm     .     z - +0 pair of boots {Stlth+}
MR     +....                    w - amulet of regeneration
Stlth  +++.......               D - ring of magical power
                                r - ring of fire

@: heroism, somewhat resistant to hostile enchantments, fairly stealthy
A: permanent stasis, dig shafts and tunnels, four strong arms, antennae 3,
talons 1, thin metallic scales 1, yellow scales 1, frail 1, strong 1, wild magic
1, evolution 1
a: Dig, Shaft Self, Heroism, Finesse, Renounce Religion


You were on level 11 of the Dungeon.
You worshipped Okawaru.
Okawaru was extremely pleased with you.
You were not hungry.

You visited 1 branch of the dungeon, and saw 11 of its levels.
You also visited: Sewer.

You collected 568 gold pieces.

Inventory:

Hand Weapons
 a - a +1 quarterstaff of crushing (weapon)
Missiles
 I - 8 exploding tomahawks (quivered)
Armour
 b - a +0 scale mail
 c - a +0 shield (worn)
 m - a +0 cloak (worn)
 u - a +3 ring mail of positive energy (worn)
 z - a +0 pair of boots of stealth (worn)
 C - a cursed +0 plate armour
 H - a +0 pair of boots
Jewellery
 r - a ring of fire (left hand)
 w - an amulet of regeneration (around neck)
 D - a ring of magical power (right hand)
Wands
 v - a wand of iceblast (6/15)
 y - a wand of teleportation (5/9)
 K - a wand of flame (14/48)
Scrolls
 e - a scroll of holy word
 h - 2 scrolls of identify
 o - 3 scrolls of amnesia
 p - a scroll of enchant weapon
 q - 3 scrolls of fog
 x - 2 scrolls of recharging
 B - a scroll of remove curse
Potions
 g - a potion of flight
 i - 2 potions of ambrosia
 j - 4 potions of magic
 k - a potion of mutation {unknown}
 l - 2 potions of lignification
 n - 9 potions of curing
 s - a potion of agility {unknown}
 t - 2 potions of haste {unknown}
 E - a potion of cancellation {unknown}
Comestibles
 d - 2 meat rations
 f - 6 bread rations


   Skills:
 * Level 11.4(16.4) Fighting
 + Level 7.6(12.6) Staves
 + Level 9.2(14.2) Armour
 + Level 6.7(11.7) Dodging
 + Level 9.4(14.4) Shields
 + Level 3.1 Invocations
 + Level 2.3 Evocations


You had 11 spell levels left.
You didn't know any spells.

Dungeon Overview and Level Annotations

Branches:
Dungeon (11/15)            Temple (0/1) D:4            Lair (0/8) D:9
    Orc (0/2) D:10

Altars:
Cheibriados
Dithmenos
Elyvilon
Fedhas
Kikubaaqudgha
Makhleb
Nemelex Xobeh
Okawaru
Pakellas
Qazlal
Ru
Trog
Yredelemnul
Zin

Shops:
D:7 !((   D:9 ?


Innate Abilities, Weirdness & Mutations

You are under a permanent stasis effect.
You can dig through walls and to a lower floor.
Your four strong arms can wield two-handed weapons with a shield.
You have a pair of large antennae on your head (SInv).
You have sharp toenails.
You are partially covered in thin metallic scales (AC +2).
You are partially covered in yellow scales (AC +2).
You are frail (-10% HP).
Your muscles are strong. (Str +2)
Your spells are a little harder to cast, but a little more powerful.
You evolve.


Message History

The howler monkey hits you but does no damage.
You block the howler monkey's attack. The freezing wraith hits you!
The freezing wraith freezes you!!
You feel a terrible chill! You block the freezing wraith's attack.
You barely miss the freezing wraith.
The freezing wraith is severely damaged.
You block the orc's attack. You block the howler monkey's attack.
The howler monkey bites you but does no damage.
The orc closely misses you. The freezing wraith hits you!
The freezing wraith freezes you!!
You feel a terrible chill!
* * * LOW HITPOINT WARNING * * *
The freezing wraith hits you but does no damage.
Drink which item? (? for menu, Esc to quit)
You feel better. You block the howler monkey's attack.
The howler monkey bites you but does no damage.
You block the orc's attack. The orc closely misses you.
The freezing wraith hits you!
* * * LOW HITPOINT WARNING * * *
The freezing wraith freezes you!!
You feel a terrible chill!
You die...

.# ... .... { #
........ ..# .#
........##.# ..#
.........#.# ###.#.#
...........# {Z......
...........##
###W......
............###o@h#
...............o###..
.(....................
####...(.....##.......
#######).....#####.##.
(...†.†)##.### .#
....).)((...... .
.##########...# <
...)†(..........


You could see a freezing wraith, a howler monkey, 2 orcs and a howler monkey
skeleton.

Vanquished Creatures
  The ghost of Xelenos the Fighter, a novice DrFi of Okawaru (D:8)
  Pikel (D:6)
  An ugly thing (D:11)
  A kobold demonologist (D:9)
  A troll (D:8)
  A merfolk (D:9)
  A wraith (D:10)
  17 yaks
  A hippogriff (D:8)
  2 hungry ghosts (D:7)
  Grum (D:10)
  4 vampire mosquitoes (D:11)
  2 wargs (D:9)
  2 ice beasts
  2 wasps
  7 orc warriors
  4 sky beasts
  2 black bears
  3 ogres
  7 centaurs
  A necrophage (D:7)
  2 wolves (D:10)
  3 giant frogs
  4 scorpions
  7 killer bees
  7 howler monkeys
  A crimson imp (D:11)
  A centaur zombie (D:10)
  A giant frog zombie (D:11)
  A quasit (D:11)
  6 jellies
  4 hounds
  A gnoll shaman (D:9)
  7 orc priests
  14 orc wizards
  A centaur skeleton (D:9)
  A giant frog skeleton (D:7)
  An iguana (D:4)
  Natasha (D:3)
  8 worker ants
  2 hound zombies
  9 gnolls
  16 adders
  3 shadow imps
  2 oozes
  2 adder skeletons
  3 worms
  2 dart slugs (D:1)
  4 giant geckos
  66 orcs
  4 giant cockroaches
  6 goblins
  7 hobgoblins
  9 jackals
  14 kobolds
  6 quokkas
  4 ball pythons
  7 bats
  2 giant gecko skeletons
  8 giant newts
  A quokka skeleton (D:4)
  3 rats
  A plant (Sewer)
314 creatures vanquished.

Vanquished Creatures (others)
  A giant frog (D:6)
  A giant gecko (D:6)
  2 orcs
4 creatures vanquished.

Grand Total: 318 creatures vanquished

Notes
Turn   | Place    | Note
--------------------------------------------------------------
     0 | D:1      | MTVSty1e the Formicid Fighter began the quest for the Orb.
     0 | D:1      | Reached XP level 1. HP: 18/18 MP: 1/1
   181 | D:1      | Reached XP level 2. HP: 24/24 MP: 2/2
   807 | D:2      | Reached skill level 4 in Fighting
   807 | D:2      | Reached XP level 3. HP: 22/30 MP: 3/3
  1250 | D:2      | Reached skill level 1 in Dodging
  1250 | D:2      | Reached XP level 4. HP: 36/37 MP: 4/4
  1252 | D:2      | Found an iron altar of Okawaru.
  1273 | D:2      | Became a worshipper of Warmaster Okawaru
  1401 | D:2      | Found an iron altar of Okawaru.
  1727 | D:3      | Reached XP level 5. HP: 40/42 MP: 5/5
  1993 | D:3      | Found a burning altar of Makhleb.
  2126 | D:3      | Found a sparkling altar of Nemelex Xobeh.
  2157 | D:3      | Found a sacrificial altar of Ru.
  2193 | D:3      | Noticed Natasha
  2198 | D:3      | Killed Natasha
  2249 | D:3      | Reached XP level 6. HP: 32/49 MP: 6/6
  2657 | D:3      | Reached * piety under Okawaru
  2854 | D:4      | Reached skill level 5 in Fighting
  2862 | D:4      | Found a shadowy altar of Dithmenos.
  2898 | D:4      | Found a staircase to the Ecumenical Temple.
  2918 | D:4      | Found a white marble altar of Elyvilon.
  2950 | D:4      | Reached skill level 5 in Shields
  3074 | D:4      | Found a glowing drain.
  3128 | D:4      | Reached XP level 7. HP: 31/56 MP: 7/7
  3141 | Sewer    | Entered a sewer
  4219 | D:4      | Found an ancient bone altar of Kikubaaqudgha.
  4326 | D:4      | Identified Poqeob's Reference Book on the Compass and Talismans
  4510 | D:5      | Entered Level 5 of the Dungeon
  4686 | D:5      | Reached skill level 6 in Fighting
  4686 | D:5      | Reached skill level 5 in Armour
  4691 | D:5      | Gained mutation: Your body sometimes deteriorates upon taking damage. [mutagenic meat]
  4692 | D:5      | Gained mutation: You are dopey. (Int -2) [mutagenic meat]
  4693 | D:5      | Gained mutation: You are partially covered in thin metallic scales (AC +2). [mutagenic meat]
  4694 | D:5      | Gained mutation: You have sharp toenails. [mutagenic meat]
  4695 | D:5      | Gained mutation: Your spells are a little harder to cast, but a little more powerful. [mutagenic meat]
  4696 | D:5      | Lost mutation: Your body sometimes deteriorates upon taking damage. [mutagenic meat]
  4758 | D:5      | Reached ** piety under Okawaru
  4799 | D:5      | Found an oddly glowing altar of Pakellas.
  5064 | D:6      | Reached XP level 8. HP: 61/64 MP: 8/8
  5579 | D:6      | Noticed Pikel
  5601 | D:6      | Killed Pikel
  5601 | D:6      | Reached *** piety under Okawaru
  5601 | D:6      | Reached skill level 7 in Fighting
  5601 | D:6      | Reached XP level 9. HP: 42/72 MP: 9/9
  5763 | D:7      | Found Jyiros's Antique Weapon Emporium.
  6030 | D:7      | Reached skill level 8 in Fighting
  6073 | D:7      | Found Foemavop's Antique Weapon Boutique.
  6128 | D:7      | Reached skill level 5 in Staves
  6189 | D:7      | Found Ohyfacil's Distillery.
  6247 | D:7      | Reached **** piety under Okawaru
  6392 | D:7      | Found a stormy altar of Qazlal.
  6392 | D:7      | Found a snail-covered altar of Cheibriados.
  6488 | D:8      | Noticed a troll
  6498 | D:8      | Killed a troll
  6563 | D:8      | Found a basalt altar of Yredelemnul.
  6596 | D:8      | Reached XP level 10. HP: 56/82 MP: 10/10
  6620 | D:8      | Noticed Xelenos's ghost (novice DrFi)
  6708 | D:8      | Killed Xelenos's ghost
  6708 | D:8      | Reached skill level 9 in Fighting
  6724 | D:8      | Reached skill level 5 in Dodging
  7209 | D:8      | Found a blossoming altar of Fedhas.
  7687 | D:9      | Noticed a kobold demonologist
  7696 | D:9      | Killed a kobold demonologist
  7696 | D:9      | Received a gift from Okawaru
  7701 | D:9      | Found a sparkling altar of Nemelex Xobeh.
  7779 | D:9      | Found an oddly glowing altar of Pakellas.
  7937 | D:9      | Found a staircase to the Lair.
  7980 | D:9      | Reached skill level 10 in Fighting
  8232 | D:9      | Found a glowing silver altar of Zin.
  8365 | D:9      | Found Jenuag's Magic Scroll Shoppe.
  8401 | D:9      | Reached ***** piety under Okawaru
  8405 | D:9      | Found a bloodstained altar of Trog.
  8587 | D:9      | Reached XP level 11. HP: 58/91 MP: 11/11
  8651 | D:9      | Gained mutation: You evolve. [mutagenic meat]
  8652 | D:9      | Gained mutation: You are frail (-10% HP). [mutagenic meat]
  8654 | D:9      | Gained mutation: You are partially covered in yellow scales (AC +2). [mutagenic meat]
  8655 | D:9      | Lost mutation: You are dopey. (Int -2) [mutagenic meat]
  8656 | D:9      | Gained mutation: Your muscles are strong. (Str +2) [mutagenic meat]
  8669 | D:10     | Entered Level 10 of the Dungeon
  8714 | D:10     | Found a staircase to the Orcish Mines.
  8985 | D:10     | Noticed a tengu warrior
  9063 | D:10     | Reached skill level 1 in Invocations
  9162 | D:10     | Noticed a cyclops
  9594 | D:10     | Noticed Grum
  9604 | D:10     | Killed Grum
  9604 | D:10     | Received a gift from Okawaru
  9604 | D:10     | Reached skill level 1 in Evocations
  9608 | D:10     | Reached skill level 11 in Fighting
  9944 | D:11     | Noticed a brown ugly thing
  9960 | D:11     | Killed a brown ugly thing
 10366 | D:11     | Reached XP level 12. HP: 87/90 MP: 14/14
 10409 | D:11     | Annihilated by a freezing wraith

Skill      XL: |  1  2  3  4  5  6  7  8  9 10 11 12 |
---------------+-------------------------------------+-----
Fighting       | 4 5 6 7 8 10 11 | 11.4
Shields        | 4 5 6 7 8 9 |  9.4
Dodging        | 1 2 3 4 5 6 |  6.7
Armour         | 4 5 6 7 8 9 |  9.2
Staves         | 3 4 5 6 7 |  7.6
Invocations    | 2 3 |  3.1
Evocations     | 2 |  2.3

Action                   |  1- 3 |  4- 6 |  7- 9 | 10-12 || total
-------------------------+-------+-------+-------+-------++-------
Melee: Quarterstaff      |   102 |   228 |   375 |   749 ||  1454
       Kick              |       |       |    41 |       ||    41
Invok: Heroism           |       |       |     2 |    16 ||    18
 Abil: Dig               |       |       |     4 |     4 ||     8
  Use: Scroll            |       |     7 |     9 |     7 ||    23
       Potion            |       |     1 |     1 |    11 ||    13
  Eat: Beef jerky        |     1 |       |     1 |     1 ||     3
       Royal jelly       |       |     1 |       |       ||     1
       Pizza             |       |     1 |       |     1 ||     2
       Bread ration      |       |     1 |     6 |     1 ||     8
       Chunk             |       |       |     6 |     6 ||    12
       Meat ration       |       |       |       |     2 ||     2
Armor: Scale mail        |    45 |    46 |       |       ||    91
       Ring mail         |       |    78 |   129 |   199 ||   406
       Skin              |       |       |       |    92 ||    92
Dodge: Dodged            |    37 |    88 |   133 |   309 ||   567
Block: Shield            |    54 |   147 |   239 |   494 ||   934
